 Dungeon Crawl Stone Soup version 0.21.0-3-g78d12a8bdd (webtiles) character file.

119 Gargoyl the Skirmisher (level 4, 0/40 HPs)
             Began as a Centaur Abyssal Knight on Jan 12, 2018.
             Was a Believer of Lugonu.
             Slain by an orc wizard
             ... wielding a +0 dagger
              (3 damage)
             ... on level 3 of the Dungeon.
             The game lasted 00:04:09 (2417 turns).

Gargoyl the Skirmisher (Centaur Abyssal Knight)     Turns: 2417, Time: 00:04:09

Health: 0/40       AC: 10    Str: 12 (15) XL:     4   Next: 73%
Magic:  15/15      EV:  3    Int: 10 (11) God:    Lugonu [**....]
Gold:   142        SH:  0    Dex:  7 (9)  Spells: 3/3 levels left

rFire    . . .     SeeInvis .   a - +1 hand axe
rCold    . . .     Gourm    .   (no shield)
rNeg     . . .     Faith    .   j - +0 chain mail
rPois    .         Spirit   .   (no helmet)
rElec    .         Reflect  .   d - +1 cloak
rCorr    .         Harm     .   (no gloves)
MR       .....                  (no barding)
Stlth    ..........             (no amulet)
HPRegen  0.13/turn              g - ring of magical power
MPRegen  0.14/turn              (no ring)

@: very quick
A: large, hooves 3, deformed body, speed 2, tough skin 3
a: Depart the Abyss, Bend Space, Renounce Religion


You were on level 3 of the Dungeon.
You worshipped Lugonu.
Lugonu was pleased with you.
You were not hungry.

You visited 1 branch of the dungeon, and saw 3 of its levels.
You visited the Abyss 1 time.

You collected 142 gold pieces.

Inventory:

Hand Weapons
 a - a +1 hand axe (weapon)
Armour
 d - a +1 cloak (worn)
 j - a +0 chain mail (worn)
Jewellery
 g - a ring of magical power (left hand)
 h - a +3 ring of protection {unknown}
Scrolls
 f - 2 scrolls of magic mapping
 k - 2 scrolls of identify
 o - a scroll of amnesia
Comestibles
 c - 7 rations


   Skills:
 + Level 3.7 Fighting
 + Level 2.4 Axes
 * Level 2.5 Armour
 + Level 0.8 Dodging
 * Level 2.7 Invocations


You had 3 spell levels left.
You didn't know any spells.

Dungeon Overview and Level Annotations

Branches:
Dungeon (3/15)

Altars:


Innate Abilities, Weirdness & Mutations

You have hooves in place of feet.
Armour fits poorly on your strangely shaped body.
You cover ground very quickly.
You have extremely tough skin. (AC +3)


Message History

You hit the orc wizard but do no damage.
The orc wizard is heavily wounded.
The orc wizard gestures at you while chanting.
You are confused.
You bump into the rock wall.
The orc wizard hits you with a dagger.
* * * LOW HITPOINT WARNING * * *
Your chain mail prevents you from hitting the orc wizard.
The orc wizard is heavily wounded.
The orc wizard casts a spell.
The orc wizard flickers and vanishes!
Deactivating autopickup; reactivate with Ctrl-A.
You miss something. Your kick misses something. Something hits you.
* * * LOW HITPOINT WARNING * * *
You bump into the rock wall.
Something hits you but does no damage.
You completely miss something. You kick something.
You feel less confused. Something hits you but does no damage.
You miss something. Your kick misses something.
Something hits you but does no damage. Something hits you.
You die...

##################
#............[....
#.################
#.# #.# #.# #.#
#@# #{# #o# #.o..#
#....# #....#
#....# #....#
##.### ######


You could see 2 orcs.

Vanquished Creatures
  An orc wizard (D:3)
  A white imp (Abyss:1)
  An ooze (D:2)
  3 worms (D:2)
  3 dart slugs (D:2)
  3 leopard geckos
  An orc (D:3)
  2 giant cockroaches
  9 goblins
  9 hobgoblins
  3 quokkas
  7 bats
  3 frilled lizards
  6 kobolds
  7 rats
59 creatures vanquished.

Vanquished Creatures (others)
  A kobold (D:2)
1 creature vanquished.

Grand Total: 60 creatures vanquished

Notes
Turn   | Place    | Note
-------+----------+-------------------------------------------
     0 | Abyss:1  | Gargoyl the Centaur Abyssal Knight began the quest for the Orb.
     0 | Abyss:1  | Reached XP level 1. HP: 19/19 MP: 2/2
    87 | Abyss:1  | Noticed a small abomination
   191 | Abyss:1  | Noticed a large abomination
   197 | D:1      | Escaped the Abyss
   215 | D:1      | Reached XP level 2. HP: 18/26 MP: 3/3
   703 | D:1      | Reached * piety under Lugonu
   945 | D:1      | Reached XP level 3. HP: 30/31 MP: 4/4
  1614 | D:2      | Reached ** piety under Lugonu
  1619 | D:2      | Reached XP level 4. HP: 38/40 MP: 5/5
  2414 | D:3      | HP: 2/40 [something (3)]
  2417 | D:3      | Slain by an orc wizard

Skill      XL: |  1  2  3 |
---------------+----------+-----
Axes           | 2 |  2.4
Armour         | 2 |  2.5
Fighting       | |  3.7
Dodging        | |  0.8
Invocations    | |  2.7

Action                   |  1- 3 |  4- 6 || total
-------------------------+-------+-------++-------
Melee: Hand axe          |    95 |    65 ||   160
       Kick              |    19 |    13 ||    32
Invok: Depart the Abyss  |     1 |       ||     1
  Use: Scroll            |     2 |     4 ||     6
       Potion            |       |     4 ||     4
  Eat: Chunk             |     1 |     2 ||     3
Armor: Leather armour    |    11 |       ||    11
       Ring mail         |    13 |       ||    13
       Chain mail        |    13 |    74 ||    87
Dodge: Dodged            |    26 |    18 ||    44
